 Dungeon Crawl Stone Soup version 0.28.0-53-g5a82cb258f (webtiles) character file.

Game seed: 9795926128740373835

91 jiml777 the Digger (level 4, -3/24 HPs)
             Began as a Gargoyle Earth Elementalist on June 10, 2022.
             Slain by an iguana (4 damage)
             ... on level 3 of the Dungeon.
             The game lasted 00:10:36 (2684 turns).

jiml777 the Digger (Gargoyle Earth Elementalist)    Turns: 2684, Time: 00:10:37

Health: -3/24      AC:  6    Str: 11    XL:     4   Next: 59%
Magic:  7/8        EV: 11    Int: 18    God:
Gold:   30         SH:  0    Dex: 10    Spells: 8/9 levels left

rFire   . . .      SeeInvis .   h - +0 short sword
rCold   . . .      Faith    .   (no shield)
rNeg    + . .      Spirit   .   n - +0 leather armour
rPois   ∞          Reflect  .   (no helmet)
rElec   +          Harm     .   (no cloak)
rCorr   .          Rampage  .   (no gloves)
Will    .....                   (no boots)
Stlth   +++.......              (no amulet)
HPRegen 0.08/turn               c - ring "Jovvuck" {rElec rPois Stlth+}
MPRegen 0.11/turn               (no ring)

@: no status effects
A: sickness immunity, AC +3, negative energy resistance 1, electricity
resistance, torment resistance 1, petrification resistance
a: no special abilities


You were on level 3 of the Dungeon.
You visited 1 branch of the dungeon, and saw 3 of its levels.

You collected 30 gold pieces.

Inventory:

Hand Weapons
 h - a +0 short sword (weapon)
Missiles
 a - 28 sling bullets
 e - 12 bolts
 o - 4 poisoned darts
 p - 12 stones
 q - 32 arrows
Armour
 b - a +0 robe
 n - a +0 leather armour (worn)
Jewellery
 c - the ring "Jovvuck" (left hand) {rElec rPois Stlth+}
   (You found it on level 2 of the Dungeon)

   [ring of poison resistance]

   rElec:     It insulates you from electricity.
   rPois:     It protects you from poison.
   Stlth:     It makes you more stealthy.
Wands
 j - a wand of digging (1)
Scrolls
 d - a scroll of silence {unknown}
 g - a scroll of enchant armour {unknown}
 l - 2 scrolls of identify {unknown}
 m - a scroll of blinking {unknown}
Potions
 f - a potion of brilliance {unknown}
 i - a potion of resistance {unknown}
 k - a potion of attraction {unknown}


   Skills:
 + Level 0.3 Fighting
 + Level 1.0 Short Blades
 + Level 0.2 Staves
 + Level 0.1 Armour
 + Level 1.8 Dodging
 + Level 2.4 Stealth
 + Level 3.0 Spellcasting
 + Level 0.7 Transmutations
 + Level 4.6 Earth Magic


You had 8 spell levels left.
You knew the following spells:

 Your Spells              Type           Power      Damage    Failure   Level
a - Sandblast             Erth           38%        2d10      3%          1

Your spell library contained the following spells:

 Spells                   Type           Power      Damage    Failure   Level
 Passwall                 Tmut/Erth      10%        N/A       11%         2
 Stone Arrow              Conj/Erth      22%        3d8       24%         3
 Static Discharge         Conj/Air       2%         N/A       32%         2
 Petrify                  Tmut/Erth      12%        N/A       56%         4
 Dispel Undead            Necr           2%         3d7       91%         4
 Sticky Flame             Conj/Fire      2%         2d3       91%         4


Dungeon Overview and Level Annotations

Branches:
Dungeon (3/15)

Altars:
Zin


Innate Abilities, Weirdness & Mutations

You are immune to sickness and miasma.
Your stone body is resilient. (AC +3)
You are immune to poison.
You resist negative energy. (rN+)
You are resistant to electric shocks. (rElec)
You are resistant to unholy torment.
You are immune to petrification.


Message History

You puncture the rat!
You kill the rat!
Your Short Blades skill increases to level 1!
You open the door. You open the door.
There is an open door here.
Found a stone staircase leading down.
You open the door.
There is an open door here.
q - 32 arrows (gained 15)
p - 13 stones (gained 12)
You open the door.
An iguana comes into view.
There is an open door here.
Casting: Sandblast (safe; 3% risk of failure)
Confirm with . or Enter, or press ? or * to list all spells.
Aiming: Sandblast (safe; 3% risk of failure)
Press: ? - help, Shift-Dir - straight line, f - iguana
Aim: an iguana (asleep, 100% to hit)
The blast of sand hits the iguana.
The iguana is lightly wounded.
The iguana hisses angrily.
The iguana barely misses you.
You hit the iguana but do no damage.
The iguana is lightly wounded.
The iguana bites you.
You hit the iguana.
The iguana is lightly wounded.
The iguana bites you.
You hit the iguana but do no damage.
The iguana is lightly wounded.
The iguana bites you! The iguana bites you.
You hit the iguana but do no damage.
The iguana is lightly wounded.
The iguana bites you!
* * * LOW HITPOINT WARNING * * *
You hit the iguana.
The iguana is moderately wounded.
The iguana bites you.
You die...

### #.## #.. ### #l# ..#
#@# ##.# #.######. .#.#
######........ .#.#
#....'........
.#.########.####........
........................
..........#.######.####.
..........#.# .#
###.#.....#.. ..


You could see an iguana.

Vanquished Creatures
  Terence (D:2)
  2 adders (D:2)
  2 worms (D:2)
  A dart slug (D:1)
  4 endoplasms (D:2)
  3 giant cockroaches
  2 goblins
  A hobgoblin (D:3)
  5 jackals
  3 quokkas
  3 ball pythons (D:1)
  2 bats (D:2)
  A frilled lizard (D:1)
  4 kobolds
  8 rats
42 creatures vanquished.

Notes
Turn   | Place    | Note
-------+----------+-------------------------------------------
     0 | D:1      | jiml777 the Gargoyle Earth Elementalist began the quest for
                  | the Orb.
     0 | D:1      | Reached XP level 1. HP: 10/10 MP: 3/3
   373 | D:1      | Found a faded altar of an unknown god.
   380 | D:1      | Reached XP level 2. HP: 15/15 MP: 1/5
   751 | D:1      | Reached skill level 4 in Earth Magic
   968 | D:2      | Found a glowing silver altar of Zin.
  1006 | D:2      | Reached XP level 3. HP: 19/19 MP: 3/6
  1039 | D:2      | Noticed Terence
  1048 | D:2      | Killed Terence
  1243 | D:2      | Reached XP level 4. HP: 24/24 MP: 6/8
  2123 | D:2      | Identified the ring "Jovvuck" {rElec rPois Stlth+}
  2590 | D:3      | Reached skill level 1 in Short Blades
  2683 | D:3      | HP: 1/24 [iguana (7)]
  2684 | D:3      | Slain by an iguana

Illustrated notes

Levels and vault maps discovered:
D:1:      dpeg_arrival_solitude, layout_loops_ring, basic_ecumenical_altar
D:2:      layout_basic, basic_altar, st_stairs_11, uniq_terence
D:3:      layout_basic, grunt_ministairs_12

Skill      XL: |  1  2  3  4 |
---------------+-------------+-----
Earth Magic    | 4 |  4.6
Spellcasting   | 3 |  3.0
Short Blades   | 1 |  1.0
Fighting       | |  0.3
Staves         | |  0.2
Armour         | |  0.1
Dodging        | |  1.8
Stealth        | |  2.4
Transmutations | |  0.7

Action                   |  1- 3 |  4- 6 || total
-------------------------+-------+-------++-------
Melee: Quarterstaff      |     9 |       ||     9
       Short sword       |    18 |    67 ||    85
 Cast: Sandblast         |    34 |    13 ||    47
 Stab: Sleeping          |       |     2 ||     2
Armor: Robe              |     7 |       ||     7
       Leather armour    |       |    12 ||    12
Dodge: Dodged            |    26 |    30 ||    56
